 Dungeon Crawl Stone Soup version 0.20-a0-656-g9b0dcd9 (webtiles) character file.

9898 krabocopter the Basher (level 11, -5/106 HPs)
             Began as a Gargoyle Fighter on Feb 16, 2017.
             Was a Priest of Ru.
             Slain by Snorg (12 damage)
             ... on level 10 of the Dungeon.
             The game lasted 00:28:30 (10199 turns).

krabocopter the Basher (Gargoyle Fighter)          Turns: 10199, Time: 00:28:32

Health: -5/106     AC: 32    Str: 21    XL:     11   Next: 53%
Magic:  11/11      EV:  2    Int: 12    God:    Ru [***...]
Gold:   538        SH: 11    Dex: 11    Spells: 10/10 levels left

rFire    . . .     SeeInvis .   E - +2 flail (protect)
rCold    . . .     Gourm    .   (armour currently unavailable)
rNeg     + + +     Faith    .   c - +0 shield
rPois    ∞         Spirit   .   (helmet currently unavailable)
rElec    .         Reflect  .   (cloak currently unavailable)
rCorr    .         Harm     .   (gloves currently unavailable)
MR       .....     NoTele   +   (boots currently unavailable)
Stlth    ++........             (no amulet)
Regen    0.3/turn               C - +3 ring of intelligence
MPRegen  0.2/turn               i - ring of stealth

@: tree-form, no scrolls, protection aura, drained
A: negative energy resistance 1, (electricity resistance), (unbreathing),
petrification resistance, no potion heal 1, rot immunity, inability to read
while threatened, hated by all, AC +7
a: Draw Out Power, Renounce Religion


You were on level 10 of the Dungeon.
You worshipped Ru.
Ru was most pleased with you.
You were not hungry.
You were a tree.
You visited 1 branch of the dungeon, and saw 10 of its levels.

You collected 538 gold pieces.

Inventory:

Hand Weapons
 E - a +2 flail of protection (weapon)
 H - a +2 whip of electrocution
Missiles
 u - 5 curare-tipped needles
Armour
 b - a +0 scale mail (melded)
 c - a +0 shield (worn)
 q - a +1 helmet (melded)
Magical Staves
 x - an uncursed staff of poison
Jewellery
 g - an uncursed ring of fire
 i - a ring of stealth (left branch)
 C - a +3 ring of intelligence (right branch)
 D - an uncursed ring of ice
Wands
 y - a wand of lightning (8/15)
 z - a wand of acid (8/15)
 F - a wand of paralysis (14/24)
 G - a wand of random effects (26/48)
Scrolls
 a - a scroll of amnesia {unknown}
 d - a scroll of fog {unknown}
 h - 6 scrolls of remove curse
 l - a scroll of teleportation
 m - 2 scrolls of enchant weapon
 n - 2 scrolls of blinking
 o - a scroll of immolation {unknown}
 p - 3 scrolls of identify
 s - 2 scrolls of enchant armour
 t - 3 scrolls of magic mapping
Potions
 e - a potion of haste {unknown}
 j - 2 potions of lignification
 k - a potion of resistance {unknown}
 v - 2 potions of heal wounds
 w - 2 potions of curing {unknown}
 B - a potion of flight
Books
 J - a Young Poisoner's Handbook

   Spells                             Type                      Level
   a - Sting                          Conjuration/Poison           1
   b - Poisonous Vapours              Poison/Air                   2
   c - Mephitic Cloud                 Conjuration/Poison/Air       3
   d - Olgreb's Toxic Radiance        Poison                       4
   e - Venom Bolt                     Conjuration/Poison           5
Comestibles
 f - 7 bread rations
 r - 2 royal jellies
 A - 5 meat rations
 I - 4 chunks of flesh


   Skills:
 - Level 9.0(8.6) Fighting
 - Level 12.0(11.5) Maces & Flails
 + Level 9.6(9.2) Armour
 + Level 8.4(8.0) Shields


You had 10 spell levels left.
You didn't know any spells.

Dungeon Overview and Level Annotations

Branches:
Dungeon (10/15)            Temple (0/1) D:7            Lair (0/6) D:8
    Orc: D:9-12

Altars:
Cheibriados
Dithmenos
Elyvilon
Fedhas
Nemelex Xobeh
Okawaru
Qazlal
Ru
Trog
Uskayaw
Xom
Yredelemnul
Zin
The Shining One

Annotations:
D:10 Snorg


Innate Abilities, Weirdness & Mutations

You are resistant to torment.
((Your stone body is resilient. (AC +7)))
You are immune to poison.
You resist negative energy. (rN+)
((You are resistant to electric shocks. (rElec)))
((You can survive without breathing.))
You are immune to petrification.
Potions are less effective at restoring your health.
You are immune to rotting.
You cannot read scrolls while threatened.
You are hated by all.


Message History

* * * LOW HITPOINT WARNING * * *
You block Snorg's attack. Snorg barely misses you.
Snorg claws you but does no damage.
You hit Snorg. Snorg bites you!
* * * LOW HITPOINT WARNING * * *
Snorg claws you but does no damage. Snorg barely misses you.
You take 7 damage, and have 20/106 hp.
You hit Snorg but do no damage. Snorg bites you but does no damage.
You block Snorg's attack. Snorg claws you but does no damage.
You barely miss Snorg.
You feel less exhausted.
You block Snorg's attack. x2; Snorg claws you but does no damage.
Snorg barely misses you. Snorg claws you.
* * * LOW HITPOINT WARNING * * *
You block Snorg's attack.
You take 2 damage, and have 18/106 hp.
You hit Snorg. You block Snorg's attack. Snorg claws you!
* * * LOW HITPOINT WARNING * * *
Snorg claws you!
You die...

######## #......# #+##.####.#
######### .....#
#.##############.......# .....#
#......T♣..............## ..#..#
#........######.....<.... .....#
#........# #.........#
.....####..#....)# #..........
.................######..........
.................................
#################################


You could see Snorg (berserk).

Vanquished Creatures
  A hydra (D:9)
  2 two-headed ogres
  The ghost of nikopol the Cleaver, a journeyman GrBe of Trog (D:9)
  A centaur zombie (D:10)
  Psyche (D:10)
  Joseph (D:7)
  A merfolk (D:10)
  A hornet (D:6)
  Grinder (D:6)
  A hippogriff (D:9)
  A wyvern (D:8)
  Edmund (D:5)
  A water moccasin (D:7)
  3 porcupines (D:8)
  2 ice beasts (D:9)
  A hornet zombie (D:7)
  An orc warrior (D:9)
  A sky beast (D:6)
  3 black bears
  5 centaurs
  7 ogres
  2 big kobolds (D:9)
  A gnoll sergeant (D:5)
  8 bullfrogs
  A water moccasin skeleton (D:6)
  A scorpion (D:7)
  15 killer bees
  3 wights (D:8)
  4 crimson imps
  2 jellies
  2 bullfrog zombies (D:5)
  8 hounds
  2 centaur skeletons
  6 orc priests
  An iguana (D:6)
  6 worker ants
  Terence (D:3)
  9 orc wizards
  Natasha (D:3)
  3 hound zombies
  2 hound skeletons
  Robin (D:2)
  3 worker ant zombies (D:9)
  11 adders
  9 gnolls
  2 howler monkey skeletons
  2 shadow imps
  2 adder skeletons
  A worm (D:3)
  A dart slug (D:2)
  8 leopard geckos
  31 orcs
  4 giant cockroaches
  11 goblins
  3 hobgoblins (D:2)
  7 jackals
  12 kobolds
  4 quokkas
  6 bats
  2 frilled lizards
  7 rats
  A spectral orc (D:7)
  2 fungi (D:8)
245 creatures vanquished.

Vanquished Creatures (others)
  A sky beast (D:6)
  A shadow imp (D:9)
  A leopard gecko (D:3)
  A quokka (D:4)
  A bat (D:3)
  2 kobolds (D:9)
  15 fungi (D:8)
22 creatures vanquished.

Grand Total: 267 creatures vanquished

Notes
Turn   | Place    | Note
-------+----------+-------------------------------------------
     0 | D:1      | krabocopter the Gargoyle Fighter began the quest for the Orb.
     0 | D:1      | Reached XP level 1. HP: 14/14 MP: 1/1
   343 | D:1      | Reached XP level 2. HP: 19/19 MP: 2/2
   673 | D:2      | Found a sacrificial altar of Ru.
   683 | D:2      | Became a worshipper of Ru the Awakened
   883 | D:2      | Reached skill level 3 in Maces & Flails
   883 | D:2      | Reached XP level 3. HP: 23/24 MP: 3/3
   914 | D:2      | Noticed Robin
   945 | D:2      | Killed Robin
  1237 | D:2      | Reached XP level 4. HP: 29/29 MP: 4/4
  1286 | D:2      | Found a blossoming altar of Fedhas.
  1592 | D:3      | Reached skill level 4 in Maces & Flails
  1592 | D:3      | Reached XP level 5. HP: 25/34 MP: 5/5
  1910 | D:3      | Noticed Terence
  1924 | D:3      | Killed Terence
  1924 | D:3      | Reached skill level 5 in Maces & Flails
  2127 | D:3      | Gained mutation: You are hated by all. [Ru sacrifice]
  2127 | D:3      | Reached * piety under Ru
  2230 | D:3      | Found a stormy altar of Qazlal.
  2278 | D:3      | Noticed Natasha
  2291 | D:3      | Killed Natasha
  2291 | D:3      | Reached XP level 6. HP: 37/40 MP: 6/6
  2631 | D:4      | Found a glowing silver altar of Zin.
  2648 | D:4      | Reached skill level 5 in Fighting
  2827 | D:4      | Found a shadowy altar of Dithmenos.
  2840 | D:4      | Reached skill level 6 in Maces & Flails
  3129 | D:4      | Reached XP level 7. HP: 44/44 MP: 7/7
  3316 | D:5      | Entered Level 5 of the Dungeon
  3938 | D:5      | Reached skill level 7 in Maces & Flails
  4021 | D:5      | Found a shimmering altar of Xom.
  4029 | D:5      | Noticed Edmund
  4059 | D:5      | Killed Edmund
  4106 | D:5      | Reached XP level 8. HP: 44/52 MP: 8/8
  4273 | D:5      | Found a sparkling altar of Nemelex Xobeh.
  4407 | D:5      | Gained mutation: You cannot read scrolls while threatened. [Ru sacrifice]
  4407 | D:5      | Reached ** piety under Ru
  4549 | D:6      | Reached skill level 8 in Maces & Flails
  4810 | D:6      | Reached skill level 9 in Maces & Flails
  4880 | D:6      | Reached XP level 9. HP: 51/58 MP: 9/9
  4893 | D:6      | Noticed Grinder
  4895 | D:6      | Paralysed by Grinder for 4 turns
  4907 | D:6      | Paralysed by Grinder for 3 turns
  4912 | D:6      | Paralysed by Grinder for 2 turns
  4922 | D:6      | Killed Grinder
  5156 | D:6      | Found a glowing golden altar of the Shining One.
  5184 | D:6      | Reached skill level 10 in Maces & Flails
  5366 | D:6      | Noticed a hornet
  5376 | D:6      | Killed a hornet
  5584 | D:7      | Found a stormy altar of Qazlal.
  5646 | D:7      | Found a stormy altar of Qazlal.
  5682 | D:7      | Noticed a hand axe
  5683 | D:7      | Noticed a dagger
  5708 | D:7      | Found a hide-covered altar of Uskayaw.
  6046 | D:7      | Found a staircase to the Ecumenical Temple.
  6360 | D:7      | Noticed Joseph
  6371 | D:7      | Killed Joseph
  6371 | D:7      | Reached skill level 11 in Maces & Flails
  6454 | D:7      | Gained mutation: Potions are less effective at restoring your health. [Ru sacrifice]
  6454 | D:7      | Reached *** piety under Ru
  6593 | D:7      | Found a basalt altar of Yredelemnul.
  6625 | D:7      | Reached XP level 10. HP: 64/65 MP: 10/10
  6781 | D:8      | Found a white marble altar of Elyvilon.
  7017 | D:8      | Reached skill level 5 in Armour
  7117 | D:8      | Found a staircase to the Lair.
  7129 | D:8      | Found a bloodstained altar of Trog.
  7443 | D:8      | Found a snail-covered altar of Cheibriados.
  7663 | D:8      | Noticed a two-headed ogre
  7681 | D:8      | Killed a two-headed ogre
  7840 | D:9      | Noticed nikopol's ghost (journeyman GrBe)
  7855 | D:8      | Reached skill level 12 in Maces & Flails
  8013 | D:9      | Noticed a two-headed ogre
  8027 | D:9      | Killed a two-headed ogre
  8027 | D:9      | Reached skill level 5 in Shields
  8221 | D:9      | Found an iron altar of Okawaru.
  8421 | D:9      | Reached XP level 11. HP: 71/71 MP: 11/11
  8488 | D:9      | Noticed a six-headed hydra
  8502 | D:9      | Killed a six-headed hydra
  8912 | D:9      | Killed nikopol's ghost
  9726 | D:10     | Entered Level 10 of the Dungeon
 10122 | D:10     | Noticed Psyche
 10134 | D:10     | Killed Psyche
 10153 | D:10     | Noticed Snorg
 10199 | D:10     | Slain by Snorg

Vault maps used:
D:1:      lightli_arrival_maybe_door_vault
D:2:      hangedman_ru_absence, first_bread, fedhas_altar_2, uniq_robin
D:3:      nicolae_qazlal_eye_of_the_storm, uniq_natasha, uniq_terence
D:4:      lemuel_crystal_altar, old_standard_altar, kennysheep_decorative_pillar
D:5:      overflow_temple_1_default, minivault_1, nemelex_diamond_rough_becter,
          uniq_edmund
D:6:      tso_oasis_becter, gup_sewer_entry_pipe, minmay_misc_feat_cross,
          uniq_grinder
D:7:      overflow_temple_1_default, dancing_weapons_uskayaw,
          yredelemnul_forgotten_temple_becter,
          minmay_temple_entry_statues_fountains, basic_altar, uniq_joseph
D:8:      lemuel_doored_altar, kennysheep_mini_moat, elyvilon_altar_4,
          due_lair_maze_entry_diamond
D:9:      lemuel_crystal_altar
D:10:     hangedman_fish_farm, uniq_snorg, uniq_psyche

Skill      XL: |  1  2  3  4  5  6  7  8  9 10 11 |
---------------+----------------------------------+-----
Maces & Flails | 3 4 5 6 7 9 11 12 | 12.0
Fighting       | 4 5 6 7 8 9 |  9.0
Armour         | 4 7 9 |  9.6
Shields        | 6 8 |  8.4

Action                   |  1- 3 |  4- 6 |  7- 9 | 10-12 || total
-------------------------+-------+-------+-------+-------++-------
Melee: Flail             |   121 |   194 |   512 |   484 ||  1311
       Whip              |       |       |       |    58 ||    58
Invok: Sacrifice Love    |       |     1 |       |       ||     1
       Sacrifice Words   |       |       |     1 |       ||     1
       Sacrifice Purity  |       |       |     1 |       ||     1
       Draw Out Power    |       |       |       |     1 ||     1
       Reject Sacrifices |       |       |       |     1 ||     1
  Use: Scroll            |     1 |       |     9 |     1 ||    11
       Potion            |       |       |     1 |     4 ||     5
 Stab: Distracted        |       |       |       |     2 ||     2
  Eat: Chunk             |     1 |     7 |    12 |    12 ||    32
Armor: Scale mail        |    70 |    84 |   246 |   206 ||   606
       Skin              |       |       |       |     6 ||     6
Dodge: Dodged            |    43 |    63 |   127 |   100 ||   333
Block: Shield            |    62 |    91 |   215 |   244 ||   612
